AoeStats
← [PYSA] - ༺Mojo Jijo༻

MegaRandom

508575749Analyzed
4v4 RM · 8d ago on Sep 23, 2026· 52m 25s· 8 players
Game mode
Random Map
Map size
Large (8 player)
Population
200
Speed
Normal
Resources
Standard
Victory
Conquest
Starting age
Dark Age
Ending age
Imperial Age
RankedLock teamsTeams togetherTeam positionsShared explorationLock speedFull tech treeHidden civsTurbo modeCheats
Victory
Defeat
🇨🇱 Byzantines · Chile
1140
+17
🇨🇳 Franks · China
1138
+17
🇪🇸 Maya · Spain
1112
+18
🇮🇳 Khmer · India
1060
+20
🇦🇷 Japanese · Argentina
1191
-19
🇦🇷 Franks · Argentina
1190
-19
🇦🇷 Vikings · Argentina
1181
-19
🇦🇷 Portuguese · Argentina
1072
-15
Omega_U
2:02 Loom
12:09 Feudal Age
13:35 Double-Bit Axe
19:54 Castle Age
21:14 Crossbowman
22:08 Crossbowman
31:55 Wheelbarrow
31:55 Horse Collar
35:11 Thumb Ring
35:12 Heavy Plow
35:02 Town Watch
41:12 Fletching
41:23 Padded Archer Armor
44:33 Imperial Age
44:42 Imperial Age
42:29 Bow Saw
42:33 Hul'che Javelineers
43:18 Hand Cart
45:26 Bodkin Arrow
45:47 Leather Archer Armor
45:05 Capped Ram
46:41 Conscription
46:46 Bracer
46:10 Arbalester
48:04 Two-Man Saw
46:56 Gold Mining
47:34 Elite Plumed Archer
48:54 Town Patrol
50:11 Siege Ram
51:52 Ballistics
Kmaleon
3:06 Loom
11:31 Feudal Age
15:53 Castle Age
22:16 Fishing Lines
23:54 Double-Bit Axe
25:07 Wheelbarrow
24:45 Gillnets
26:30 Medium Warships
27:38 Fletching
29:46 Hand Cart
29:33 Gold Mining
31:30 Bodkin Arrow
33:02 Siphons
36:23 Gold Shaft Mining
35:38 Stone Mining
39:12 Imperial Age
37:19 Gold Shaft Mining
36:34 Stone Mining
36:55 Bow Saw
37:26 Fervor
37:22 Husbandry
37:34 Forging
37:31 Scale Barding Armor
37:59 Ballistics
37:20 Treadmill Crane
38:31 Stone Shaft Mining
38:55 Iron Casting
38:41 Chain Barding Armor
38:52 Chain Barding Armor
40:27 Conscription
40:44 Plate Barding Armor
44:11 Logistica
44:00 Elite Skirmisher
44:43 Bracer
46:10 Padded Archer Armor
48:35 Leather Archer Armor
48:17 Elite Cataphract
50:41 Chemistry
51:26 Guard Tower
Raj
5:38 Loom
10:02 Loom
13:29 Feudal Age
14:16 Double-Bit Axe
28:11 Castle Age
27:53 Forging
27:49 Scale Barding Armor
29:19 Bloodlines
29:50 Husbandry
31:49 Light Cavalry
34:12 Chain Barding Armor
35:05 Iron Casting
42:15 Imperial Age
40:21 Wheelbarrow
41:54 Hand Cart
41:25 Town Watch
45:29 Murder Holes
45:46 Masonry
45:29 Stone Mining
47:09 Bow Saw
游离
10:37 Feudal Age
15:24 Castle Age
14:57 Double-Bit Axe
15:54 Wheelbarrow
17:59 Bow Saw
26:15 Gold Mining
26:16 Stone Mining
30:07 Imperial Age
28:30 Hand Cart
28:59 Gold Shaft Mining
28:30 Husbandry
29:05 Scale Barding Armor
29:11 Forging
30:59 Chain Barding Armor
31:15 Iron Casting
30:30 Cavalier
33:04 Plate Barding Armor
33:29 Blast Furnace
32:49 Paladin
33:07 Light Cavalry
34:17 Conscription
35:31 Blast Furnace
[PYSA] - Abusamadres Jones
9:32 Loom
11:23 Feudal Age
15:39 Castle Age
14:54 Scale Barding Armor
21:17 Wheelbarrow
25:23 Husbandry
26:18 Double-Bit Axe
27:36 Fletching
29:24 Chain Barding Armor
30:29 Forging
34:41 Imperial Age
32:43 Bow Saw
33:27 Iron Casting
36:00 Plate Barding Armor
36:45 Blast Furnace
35:30 Cavalier
37:08 Paladin
39:35 Hand Cart
[PYSA] - ༺Mojo Jijo༻
8:34 Loom
11:15 Feudal Age
11:49 Double-Bit Axe
13:04 Man-at-Arms
20:54 Castle Age
20:10 Horse Collar
21:57 Medium Warships
22:14 Bow Saw
22:08 Fletching
25:59 Heavy Plow
30:15 Bodkin Arrow
34:55 Scale Mail Armor
34:58 Padded Archer Armor
35:28 Forging
34:50 Pikeman
36:20 Squires
39:35 Imperial Age
38:07 Chain Mail Armor
40:21 Iron Casting
40:03 Arson
40:59 Conscription
44:47 Chieftains
45:57 Town Watch
[PYSA] - Gustav07
8:49 Loom
11:26 Feudal Age
15:55 Castle Age
18:54 Fletching
25:18 Fishing Lines
26:11 Padded Archer Armor
26:11 Horse Collar
26:22 Double-Bit Axe
26:47 Gillnets
27:11 Bodkin Arrow
27:36 Medium Warships
28:34 Leather Archer Armor
33:35 Ballistics
33:29 Masonry
33:52 Scale Mail Armor
34:03 Forging
34:44 Squires
34:56 Heavy Plow
38:35 Chain Mail Armor
39:50 Pikeman
44:27 Iron Casting
46:09 Wheelbarrow
[PYSA] - Manu Jijobili
5:53 Loom
12:17 Feudal Age
14:05 Double-Bit Axe
17:43 Wheelbarrow
20:52 Castle Age
25:27 Bow Saw
26:06 Wheelbarrow
26:45 Gold Mining
28:15 Horse Collar
28:38 Fishing Lines
29:02 Fishing Lines
30:15 Fletching
31:05 Heavy Plow
31:10 Gillnets
31:06 Crossbowman
33:20 Hand Cart
33:49 Thumb Ring
34:03 Town Watch
34:27 Bodkin Arrow
39:23 Ballistics
47:51 Imperial Age
48:19 Padded Archer Armor
48:52 Conscription
48:02 Arbalester
48:52 Bracer
Connection lost

Rejoining the realm…

Still unreachable

The connection could not be restored.

Session expired

The server has moved on; the page needs a fresh start.